 Dungeon Sprint DCSS version 0.29-a0-717-g6dac4ea423 (webtiles) character file.

Game seed: 7642265985064688897

10878 mhtbhm the Ninja (level 11, -4/47 HPs)
             Began as a Spriggan Enchanter on June 26, 2022.
             Was the Champion of Dithmenos.
             Slain by a deep elf knight
             ... wielding a +0 long sword
              (12 damage)
             ... in the Dungeon (Sprint III: "The Ten Rune Challenge").
             The game lasted 00:06:56 (1130 turns).

mhtbhm the Ninja (Spriggan Enchanter)               Turns: 1130, Time: 00:06:56

Health: -4/47      AC:  3    Str:  4    XL:     11   Next: 42%
Magic:  17/28      EV: 22    Int: 18    God:    Dithmenos [******]
Gold:   1939       SH:  0    Dex: 19    Spells: 20/34 levels left

rFire   . . .      SeeInvis +   a - +1 dagger
rCold   . . .      Faith    .   (no shield)
rNeg    . . .      Spirit   .   b - +0 robe
rPois   .          Reflect  .   (helmet restricted)
rElec   .          Harm     .   j - +0 cloak
rCorr   .          Rampage  .   (gloves unavailable)
Will    +....      NoTele   +   (boots unavailable) Stlth *********+
                                (no amulet)
HPRegen 0.15/turn               (no ring)
MPRegen 0.21/turn               (no ring)

@: wreathed by umbra, very quick
A: very small, no large weapons, unfitting armour, see invisible, speed 3
a: Renounce Religion, Shadow Step, Shadow Form


You were in the Dungeon.
You worshipped Dithmenos.
Dithmenos was exalted by your worship.
You visited 1 branch You collected 1939 gold pieces.

Inventory:

Hand Weapons
 a - a +1 dagger (weapon)
Missiles
 c - 7 curare-tipped darts (quivered)
Armour
 b - a +0 robe (worn)
 j - a +0 cloak (worn)
Wands
 e - a wand of digging (5)
Scrolls
 i - a scroll of blinking
 k - 2 scrolls of poison {unknown}
 l - 3 scrolls of identify
Potions
 d - a potion of curing
 f - a potion of haste
 g - 3 potions of magic
 h - 3 potions of mutation {unknown}
 m - a potion of might
 n - 2 potions of flight
Miscellaneous
 o - a tin of tremorstones (2/2)


   Skills:
 + Level 9.2 Short Blades
 + Level 7.4 Dodging
 O Level 27 Stealth
 + Level 12.4 Spellcasting
 + Level 15.0 Hexes
 + Level 1.9 Fire Magic
 + Level 3.6 Ice Magic
 * Level 10.9 Invocations
 + Level 2.1 Evocations


You had 20 spell levels left.
You knew the following spells:

 Your Spells              Type           Power      Damage    Failure   Level
a - Ensorcelled Hibernat  Hex/Ice        88%        N/A       1%          2
b - Confusing Touch       Hex            60%        N/A       1%          3
c - Tukima's Dance        Hex            60%        N/A       1%          3
d - Dazzling Flash        Conj/Hex       76%        N/A       1%          3
e - Inner Flame           Hex/Fire       41%        N/A       1%          3

Your spell library contained the following spells:

 Spells                   Type           Power      Damage    Failure   Level
 Foxfire                  Conj/Fire      56%        2x1d6     4%          1
 Conjure Flame            Conj/Fire      14%        6-21      13%         3
 Flame Wave               Conj/Fire      14%        2d6       38%         4


Dungeon Overview and Level Annotations

Branches:
Dungeon (1/1)

Altars:
Cheibriados
Dithmenos
Elyvilon
Fedhas
Gozag
Hepliaklqana
Kikubaaqudgha
Makhleb
Nemelex Xobeh
Okawaru
Qazlal
Ru
Sif Muna
Trog
Uskayaw
Vehumet
Wu Jian
Xom
Yredelemnul
Zin
The Shining One
Beogh
Jiyva
Lugonu

Shops:
D =


Innate Abilities, Weirdness & Mutations

You are very small and have problems with some larger weapons.
You are too small for most types of armour.
You have supernaturally acute eyesight. (SInv)
You cover ground extremely quickly. (Speed+++)


Message History

Unknown command.
Unknown command.
Unknown command.
Casting: Dazzling Flash (safe; 1% risk of failure)
Confirm with . or Enter, or press ? or * to list all spells.
Casting: Dazzling Flash (safe; 1% risk of failure)
Press: ? - help, Dir - look around, f - activate The deep elf pyromancer is dazzled.
The deep elf knight gestures at you while chanting.
The shard of ice hits you!!!
Ouch! That really hurt!
* * * LOW HITPOINT WARNING * * *
You emit a cloud of dark smoke.
The deep elf pyromancer casts a spell at you.
The sticky flame hits the deep elf knight!
The deep elf knight is covered in liquid flames!
Unknown command.
Unknown command.
Okay, then.
There is an open door to the Elven Halls here.
The deep elf knight burns!
The deep elf knight burns!
The deep elf knight burns!
The deep elf knight is no longer blind.
Okay, then.
Things that are here:
a +0 hand axe; an orc skeleton
Okay, then.
Casting: Dazzling Flash (safe; 1% risk of failure)
Confirm with . or Enter, or press ? or * to list all spells.
Okay, then.
Casting: Dazzling Flash (safe; 1% risk of failure)
Confirm with . or Enter, or press ? or * to list all spells.
Aiming: Inner Flame (safe; 1% risk of failure)
Press: ? - help, Dir - move target, f - deep elf knight
Aim: a deep elf knight, wielding a +0 long sword (heavily wounded, wandering, fast, covered in liquid flames, hasn't noticed you, umbra, chance to affect: 47%)
The deep elf knight shouts!
The deep elf knight resists with some effort.
The deep elf knight burns!
The deep elf knight hits you with a +0 long sword!
You die...

########### ############# ##
___#___#__######∩#.§§§§#...# e..
)..#__)#._#..).).e.§§#§#...##≈≈≈
##'#'###'##.))))@§§###§#)..≈≈≈..
..........#..).)))..##.#e).##≈
.⌠........#...#.#)####.e...#
...######'#....#### #######
.⌠.#__#)..#)#####################
...#v_#...#.)≈≈≈'.#.'...'.#.#.#.+
'###__#...#.#§≈≈#.#.#...##.#.#.##
.))#__#...'.#§..#.#.#)..#.#.#.#.#
___#__+...#.#.§§#...#)).##.#.#.##


You could see a deep elf knight (fast, burning).

Vanquished Creatures
  Frances (D)
  Donald (D)
  Erica (D)
  A centaur warrior (D)
  Urug (D)
  An orc high priest (D)
  An orc knight (D)
  A lindwurm (D)
  An orc sorcerer (D)
  A deep elf pyromancer (D)
  2 deep elf zephyrmancers (D)
  2 cane toads (D)
  A rime drake (D)
  An unseen horror (D)
  A komodo dragon (D)
  3 wandering mushrooms (D)
  2 tyrant leeches (D)
  A shadow (D)
  3 redbacks (D)
  A swamp drake (D)
  An orc warrior (D)
  2 centaurs (D)
  An earth elemental (D)
  A scorpion (D)
  A water elemental (D)
  A necrophage (D)
  A jelly (D)
  An orc priest (D)
  A wizard (D)
  A necromancer (D)
  2 orc wizards (D)
  3 humans (D)
  A kobold demonologist (D)
  10 orcs (D)
  A ball python (D)
  4 rats (D)
59 creatures vanquished.

Notes
Turn   | Place    | Note
-------+----------+-------------------------------------------
     0 | D        | mhtbhm the Spriggan Enchanter began the quest for the Orb.
     0 | D        | Reached XP level 1. HP: 9/9 MP: 5/5
    31 | D        | Reached skill level 5 in Stealth
    57 | D        | Noticed a scorpion
    76 | D        | Killed a scorpion
    77 | D        | Reached skill level 8 in Stealth
    77 | D        | Reached XP level 2. HP: 13/13 MP: 6/8
    77 | D        | Reached XP level 3. HP: 16/16 MP: 6/9
    86 | D        | Reached skill level 9 in Stealth
    86 | D        | Reached XP level 4. HP: 21/21 MP: 7/11
   141 | D        | Learned a level 2 spell: Ensorcelled Hibernation
   145 | D        | Learned a level 3 spell: Confusing Touch
   149 | D        | Learned a level 3 spell: Tukima's Dance
   153 | D        | Learned a level 3 spell: Dazzling Flash
   157 | D        | Noticed a water elemental
   170 | D        | Killed a water elemental
   171 | D        | Reached skill level 10 in Stealth
   171 | D        | Reached skill level 5 in Spellcasting
   171 | D        | Reached XP level 5. HP: 24/24 MP: 9/13
   179 | D        | Found a glowing silver altar of Zin.
   180 | D        | Found a glowing golden altar of the Shining One.
   180 | D        | Found a white marble altar of Elyvilon.
   180 | D        | Noticed a deep elf pyromancer
   182 | D        | Killed a deep elf pyromancer
   183 | D        | Reached skill level 5 in Dodging
   183 | D        | Reached skill level 15 in Stealth
   183 | D        | Reached XP level 6. HP: 28/28 MP: 11/17
   183 | D        | Reached XP level 7. HP: 32/32 MP: 11/18
   189 | D        | Found a basalt altar of Yredelemnul.
   189 | D        | Found a shadowy altar of Dithmenos.
   189 | D        | Found a sacrificial altar of Ru.
   196 | D        | Became a worshipper of Dithmenos the Shadowed
   204 | D        | Found a hide-covered altar of Uskayaw.
   204 | D        | Found an iron altar of Okawaru.
   205 | D        | Found a bloodstained altar of Trog.
   205 | D        | Found an ornate altar of the Wu Jian Council.
   205 | D        | Noticed a human
   205 | D        | Noticed a human
   213 | D        | Killed a human
   214 | D        | Reached skill level 5 in Short Blades
   214 | D        | Reached skill level 16 in Stealth
   217 | D        | Killed a human
   218 | D        | Reached skill level 17 in Stealth
   430 | D        | Found a radiant altar of Vehumet.
   430 | D        | Found a shimmering blue altar of Sif Muna.
   430 | D        | Found an ancient bone altar of Kikubaaqudgha.
   432 | D        | Reached * piety under Dithmenos
   448 | D        | Learned a level 3 spell: Inner Flame
   467 | D        | Noticed a shadow
   469 | D        | Killed a shadow
   470 | D        | Reached XP level 8. HP: 36/36 MP: 20/20
   473 | D        | Reached ** piety under Dithmenos
   474 | D        | Reached skill level 18 in Stealth
   475 | D        | Found a blossoming altar of Fedhas.
   475 | D        | Found a stormy altar of Qazlal.
   475 | D        | Found a snail-covered altar of Cheibriados.
   475 | D        | Found a burning altar of Makhleb.
   475 | D        | Found a shimmering altar of Xom.
   476 | D        | Found a hazy altar of Hepliaklqana.
   476 | D        | Found an opulent altar of Gozag.
   476 | D        | Found a sparkling altar of Nemelex Xobeh.
   476 | D        | Found a corrupted altar of Lugonu.
   476 | D        | Found a viscous altar of Jiyva.
   577 | D        | Noticed Erica
   580 | D        | Killed Erica
   581 | D        | Reached skill level 19 in Stealth
   595 | D        | Noticed a centaur warrior
   598 | D        | Reached skill level 20 in Stealth
   599 | D        | Killed a centaur warrior
   599 | D        | Reached *** piety under Dithmenos
   600 | D        | Reached skill level 21 in Stealth
   600 | D        | Reached skill level 5 in Invocations
   600 | D        | Reached XP level 9. HP: 39/39 MP: 22/22
   614 | D        | Noticed an unseen horror
   615 | D        | Killed an unseen horror
   618 | D        | Noticed a wandering mushroom
   622 | D        | Noticed a wandering mushroom
   625 | D        | Noticed a wandering mushroom
   627 | D        | Killed a wandering mushroom
   628 | D        | Reached skill level 22 in Stealth
   632 | D        | Killed a wandering mushroom
   632 | D        | Reached **** piety under Dithmenos
   639 | D        | Killed a wandering mushroom
   705 | D        | Found Tinkeol's Jewellery Boutique.
   705 | D        | Noticed an orc high priest
   706 | D        | Noticed an orc sorcerer
   708 | D        | Noticed an orc knight
   712 | D        | Noticed a red devil
   714 | D        | Reached ***** piety under Dithmenos
   716 | D        | Killed an orc sorcerer
   717 | D        | Reached skill level 23 in Stealth
   717 | D        | Reached XP level 10. HP: 38/44 MP: 15/24
   741 | D        | Killed an orc knight
   741 | D        | Reached ****** piety under Dithmenos
   763 | D        | Killed an orc high priest
   764 | D        | Reached skill level 24 in Stealth
   764 | D        | Reached skill level 10 in Spellcasting
   764 | D        | Reached skill level 1 in Fire Magic
   764 | D        | Reached skill level 1 in Evocations
   801 | D        | Reached skill level 1 in Ice Magic
   909 | D        | Noticed Donald
   909 | D        | Noticed Frances
   911 | D        | Killed Donald
   912 | D        | Killed Frances
   913 | D        | Reached skill level 25 in Stealth
   960 | D        | Noticed a cane toad
   960 | D        | Noticed a cane toad
   963 | D        | Killed a cane toad
   966 | D        | Killed a cane toad
   967 | D        | Reached XP level 11. HP: 47/47 MP: 27/27
   970 | D        | Reached skill level 26 in Stealth
   996 | D        | Noticed a lindwurm
   999 | D        | Killed a lindwurm
  1000 | D        | Reached skill level 10 in Invocations
  1007 | D        | Noticed Urug
  1009 | D        | Killed Urug
  1106 | D        | Noticed a deep elf knight
  1106 | D        | Noticed a deep elf pyromancer
  1106 | D        | Noticed a deep elf zephyrmancer
  1106 | D        | Noticed a deep elf zephyrmancer
  1106 | D        | Noticed a deep elf pyromancer
  1111 | D        | Noticed a deep elf annihilator
  1113 | D        | Killed a deep elf zephyrmancer
  1114 | D        | Reached skill level 27 in Stealth
  1114 | D        | Killed a deep elf zephyrmancer
  1115 | D        | Reached skill level 15 in Hexes
  1130 | D        | Slain by a deep elf knight

Illustrated notes

Levels and vault maps discovered:
D:        dungeon_sprint_mu [sprint_mu_entry_cave, sprint_mu_temple_rooms,
          sprint_mu_d1_horrors, sprint_mu_d2_genie, sprint_mu_d3_branching,
          sprint_mu_orc_legion, sprint_mu_elf_gauntlet, sprint_mu_hive_nellie,
          sprint_mu_lair_fedhas, sprint_mu_vaults_butterflies,
          sprint_mu_slime_circle, sprint_mu_swamp_cave, sprint_mu_snake_twists,
          sprint_mu_blade_basic, sprint_mu_crypt_chambers,
          sprint_mu_tomb_spiral, sprint_mu_vestibule_basic,
          sprint_mu_gehenna_hellfire, sprint_mu_dis_giant,
          sprint_mu_tartarus_statrot, sprint_mu_cocytus_islands, sprint_mu_zot1]

Skill      XL: |  1  2  3  4  5  6  7  8  9 10 11 |
---------------+----------------------------------+-----
Spellcasting   | 4 5 7 8 9 11 12 | 12.4
Hexes          | 6 7 8 11 12 13 14 15 | 15.0
Stealth        | 8 9 10 15 17 21 23 25 27 | 27.0
Dodging        | 3 4 5 6 7 |  7.4
Short Blades   | 2 4 5 7 8 9 |  9.2
Invocations    | 5 7 9 10 | 10.9
Fire Magic     | 1 |  1.9
Evocations     | 1 2 |  2.1
Ice Magic      | 2 3 |  3.6

Action                   |  1- 3 |  4- 6 |  7- 9 | 10-12 || total
-------------------------+-------+-------+-------+-------++-------
Melee: Dagger            |    20 |     6 |    30 |    24 ||    80
       Punch             |       |       |     1 |       ||     1
 Cast: Confusing Touch   |       |     1 |     3 |       ||     4
       Dazzling Flash    |       |       |     3 |     3 ||     6
       Ensorcelled Hiber |       |       |     1 |     9 ||    10
       Inner Flame       |       |       |     2 |     1 ||     3
Invok: Shadow Step       |       |       |       |     1 ||     1
Evoke: Tin of tremorston |       |       |     2 |       ||     2
  Use: Potion            |     1 |     1 |     1 |     1 ||     4
 Stab: Sleeping          |     4 |     1 |    14 |    19 ||    38
       Invisible         |       |     2 |     3 |       ||     5
       Confused          |       |       |     1 |       ||     1
Armor: Robe              |     3 |       |       |       ||     3
Dodge: Dodged            |     8 |     5 |    21 |     2 ||    36

Table legend: (Time is in decaauts)
 A = Elapsed time spent in this place.
 B = Non-inter-level travel time spent in this place.
 C = Inter-level travel time spent in this place.
 D = Time resting spent in this place.
 E = Time spent auto-exploring this place.
 F = Levels seen in this place.
 G = Mean time per level.
                   A        B        C        D        E       F      G
               +--------+--------+--------+--------+--------+-----+--------+
         Total |    916 |    916 |      0 |    400 |     13 |   1 |  916.0 |
       Dungeon |    916 |    916 |      0 |    400 |     13 |   1 |  916.0 |
               +--------+--------+--------+--------+--------+-----+--------+

Top non-repeatable levels by time:
       D: 916 daAuts
